 Dungeon Crawl Stone Soup version 0.25.0-11-g1f837a76a1 (webtiles) character file.

Game seed: 11701962625168989205

109 xccam the Grasshopper (level 4, 0/32 HPs)
             Began as a Gnoll Wanderer on June 25, 2020.
             Succumbed to an orc's poison
             ... on level 3 of the Dungeon.
             The game lasted 00:03:59 (3178 turns).

xccam the Grasshopper (Gnoll Wanderer)              Turns: 3178, Time: 00:03:59

Health: 0/32       AC: 12    Str: 15    XL:     4   Next: 89%
Magic:  17/17      EV:  9    Int: 18    God:
Gold:   123        SH:  0    Dex: 11    Spells: 8/9 levels left

rFire    . . .     SeeInvis .   o - +0 whip
rCold    . . .     Gourm    .   (no shield)
rNeg     + . .     Faith    .   p - +0 pearl dragon scales
rPois    .         Spirit   .   (no helmet)
rElec    .         Reflect  .   (no cloak)
rCorr    .         Harm     .   (no gloves)
MR       .....                  (no boots)
Stlth    ..........             (no amulet)
HPRegen  0.10/turn              h - ring of magical power
MPRegen  0.15/turn              (no ring)

@: lethally poisoned (0 -> -24)
A: distributed training, fangs 1, strong nose
a: no special abilities


You were on level 3 of the Dungeon.
You were not hungry.

You visited 1 branch of the dungeon, and saw 3 of its levels.

You collected 123 gold pieces.

Inventory:

Hand Weapons
 o - a +0 whip (weapon)
Armour
 p - +0 pearl dragon scales (worn)
Jewellery
 h - a ring of magical power (left hand)
Scrolls
 b - a scroll of teleportation {unknown}
 c - 2 scrolls of noise {unknown}
 d - 2 scrolls of remove curse {unknown}
 e - 4 scrolls of fog {unknown}
 g - 3 scrolls of identify {unknown}
 k - 2 scrolls of enchant weapon {unknown}
 m - 4 scrolls of fear {unknown}
 n - a scroll of blinking {unknown}
 q - a scroll of magic mapping {unknown}
Potions
 i - 2 potions of curing
 j - 2 potions of resistance {unknown}
 l - 2 potions of ambrosia {unknown}
Comestibles
 a - a chunk of flesh
 f - 6 rations


   Skills:
 + Level 1.2 Fighting
 + Level 1.2 Short Blades
 + Level 1.2 Long Blades
 + Level 1.2 Axes
 + Level 1.2 Maces & Flails
 + Level 1.2 Polearms
 + Level 1.2 Staves
 + Level 1.2 Slings
 + Level 2.8 Bows
 + Level 1.2 Crossbows
 + Level 1.2 Throwing
 + Level 4.7 Armour
 + Level 1.2 Dodging
 + Level 1.2 Stealth
 + Level 4.7 Shields
 + Level 1.2 Unarmed Combat
 + Level 3.0 Spellcasting
 + Level 1.0 Conjurations
 + Level 1.0 Hexes
 + Level 2.3 Charms
 + Level 1.0 Summonings
 + Level 1.0 Necromancy
 + Level 5.5 Translocations
 + Level 1.0 Transmutations
 + Level 1.0 Fire Magic
 + Level 1.0 Ice Magic
 + Level 1.0 Air Magic
 + Level 1.0 Earth Magic
 + Level 1.0 Poison Magic
 + Level 1.3 Invocations
 + Level 1.2 Evocations


You had 8 spell levels left.
You knew the following spells:

 Your Spells              Type           Power        Failure   Level  Hunger
a - Magic Dart            Conj           #...         45%         1    None

Your spell library contained the following spells:

 Spells                   Type           Power        Failure   Level  Hunger
 Static Discharge         Conj/Air       #.......     83%         3    ###....


Dungeon Overview and Level Annotations

Branches:
Dungeon (3/15)

Altars:
Gozag
Uskayaw


Innate Abilities, Weirdness & Mutations

Your experience applies equally to all skills.
You have very sharp teeth.
Your uncanny sense of smell can sniff out nearby items.


Message History

You are too injured to fight recklessly!
You are too injured to fight recklessly!
You are too injured to fight recklessly!
You are too injured to fight recklessly!
You feel very sick.
You barely miss the orc.
* * * LOW HITPOINT WARNING * * *
You feel very sick. The orc hits you but does no damage.
You hit the orc but do no damage.
* * * LOW HITPOINT WARNING * * *
You feel sick. The orc hits you but does no damage.
You barely miss the orc. Your bite misses the orc.
* * * LOW HITPOINT WARNING * * *
You feel very sick. The orc closely misses you.
You hit the orc but do no damage.
* * * LOW HITPOINT WARNING * * *
You feel sick. The orc hits you but does no damage.
You die...

....... ###
....... #. #[.
....... #. #.#
.......
###.###.##
....... .........
.......
#.....####)......
#......@.oo......
#...(############
#....+ #....##.#
#.......#
###.##### #.#
####### ∆ #.# ...
......# #.# ... ∆


You could see 2 orcs.

Vanquished Creatures
  6 adders
  A worm (D:2)
  2 dart slugs (D:1)
  A leopard gecko (D:1)
  2 orcs (D:3)
  3 giant cockroaches
  6 goblins
  4 hobgoblins
  2 quokkas
  2 ball pythons
  2 bats
  2 frilled lizards (D:2)
  10 kobolds
  3 rats
46 creatures vanquished.

Vanquished Creatures (others)
  10 toadstools (D:3)
10 creatures vanquished.

Grand Total: 56 creatures vanquished

Notes
Turn   | Place    | Note
-------+----------+-------------------------------------------
     0 | D:1      | xccam the Gnoll Wanderer began the quest for the Orb.
     0 | D:1      | xccam set off with the following items: a +0 club, a potion
                  | of lignification, a +2 scale mail, a ration; and the
                  | following spell memorised: Magic Dart; and the following
                  | spells available to memorise: Static Discharge
     0 | D:1      | Reached XP level 1. HP: 13/13 MP: 4/4
   315 | D:1      | Reached XP level 2. HP: 18/19 MP: 5/5
   919 | D:1      | Reached XP level 3. HP: 4/25 MP: 7/7
  1282 | D:2      | Reached skill level 1 in Invocations
  1558 | D:2      | Reached skill level 1 in Fighting
  1558 | D:2      | Reached skill level 1 in Short Blades
  1558 | D:2      | Reached skill level 1 in Long Blades
  1558 | D:2      | Reached skill level 1 in Axes
  1558 | D:2      | Reached skill level 1 in Maces & Flails
  1558 | D:2      | Reached skill level 1 in Polearms
  1558 | D:2      | Reached skill level 1 in Staves
  1558 | D:2      | Reached skill level 1 in Slings
  1558 | D:2      | Reached skill level 1 in Crossbows
  1558 | D:2      | Reached skill level 1 in Throwing
  1558 | D:2      | Reached skill level 1 in Dodging
  1558 | D:2      | Reached skill level 1 in Stealth
  1558 | D:2      | Reached skill level 1 in Unarmed Combat
  1558 | D:2      | Reached skill level 1 in Evocations
  1851 | D:2      | Reached XP level 4. HP: 32/32 MP: 8/8
  2677 | D:2      | Reached skill level 1 in Conjurations
  2677 | D:2      | Reached skill level 1 in Hexes
  2677 | D:2      | Reached skill level 1 in Summonings
  2677 | D:2      | Reached skill level 1 in Necromancy
  2677 | D:2      | Reached skill level 1 in Transmutations
  2677 | D:2      | Reached skill level 1 in Fire Magic
  2677 | D:2      | Reached skill level 1 in Ice Magic
  2677 | D:2      | Reached skill level 1 in Air Magic
  2677 | D:2      | Reached skill level 1 in Earth Magic
  2677 | D:2      | Reached skill level 1 in Poison Magic
  2705 | D:2      | Found a hide-covered altar of Uskayaw.
  2705 | D:2      | Found an opulent altar of Gozag.
  3178 | D:3      | Succumbed to an orc's poison

Illustrated notes

Levels and vault maps discovered:
D:1:      minmay_arrival_solitary_statue, layout_loops_cross,
          minmay_indecisive_spiral
D:2:      layout_loops_ring, gammafunk_temple_overflow_pools, first_ration
D:3:      cheibrodos_fertilizer, layout_basic, nicolae_qazlal_general_emergency

Skill      XL: |  1  2  3  4 |
---------------+-------------+-----
Charms         | 2 |  2.3
Invocations    | 1 |  1.3
Fighting       | 1 |  1.2
Short Blades   | 1 |  1.2
Long Blades    | 1 |  1.2
Axes           | 1 |  1.2
Maces & Flails | 1 |  1.2
Polearms       | 1 |  1.2
Staves         | 1 |  1.2
Slings         | 1 |  1.2
Crossbows      | 1 |  1.2
Throwing       | 1 |  1.2
Dodging        | 1 |  1.2
Stealth        | 1 |  1.2
Unarmed Combat | 1 |  1.2
Evocations     | 1 |  1.2
Spellcasting   | 3 |  3.0
Conjurations   | 1 |  1.0
Hexes          | 1 |  1.0
Summonings     | 1 |  1.0
Necromancy     | 1 |  1.0
Transmutations | 1 |  1.0
Fire Magic     | 1 |  1.0
Ice Magic      | 1 |  1.0
Air Magic      | 1 |  1.0
Earth Magic    | 1 |  1.0
Poison Magic   | 1 |  1.0
Bows           | |  2.8
Armour         | |  4.7
Shields        | |  4.7
Translocations | |  5.5

Action                   |  1- 3 |  4- 6 || total
-------------------------+-------+-------++-------
Melee: Club              |   126 |    76 ||   202
       Bite              |    12 |    13 ||    25
       Whip              |       |    70 ||    70
 Cast: Magic Dart        |     4 |       ||     4
  Use: Potion            |       |     2 ||     2
  Eat: Chunk             |     3 |     5 ||     8
Armor: Scale mail        |    69 |       ||    69
       Pearl dragon scal |       |    82 ||    82
       Skin              |       |    25 ||    25
Dodge: Dodged            |    66 |    80 ||   146
